| TOP OF THE 1ST |
|
Delmarva Shorebirds batting - Pitching for Burlington Bees : RHP Tim Anderson
|
|
Pitching: RHP Tim Anderson
|
|
|
Batting: LHB Eric Jackson
|
0-0: Ball 1-0: Called Strike 1-1: Ball 2-1: Ball 3-1: Ground out 4-3 (Groundball, 4, EV 103.8 MPH)
|
|
Batting: LHB Tim Mulholland
|
0-0: Ball 1-0: Ground out 6-3 (Groundball, 6, EV 101.9 MPH)
|
|
Batting: LHB Tom Edwards
|
0-0: Called Strike 0-1: Ball 1-1: Ball 2-1: Fly out, F9 (Flyball, 9S, EV 91.9 MPH)
|
| Top of the 1st over - 0 runs, 0 hits, 0 errors, 0 left on base; Delmarva 0 - Burlington 0 |
| BOTTOM OF THE 1ST |
|
Burlington Bees batting - Pitching for Delmarva Shorebirds : RHP Nick Hoag
|
|
Pitching: RHP Nick Hoag
|
|
|
Batting: RHB Tim Lively
|
0-0: Ball 1-0: Foul Ball, location: 2F 1-1: Ball 2-1: Foul Ball, location: 2F 2-2: Strikes out swinging
|
|
Batting: RHB Ryan Munro
|
0-0: Swinging Strike 0-1: Foul Ball, location: 2F 0-2: Ball 1-2: Strikes out swinging
|
|
Batting: RHB Jon Griffin
|
0-0: Ball 1-0: Called Strike 1-1: Foul Ball, location: 2F 1-2: Foul Ball, location: 2F 1-2: Fly out, F7 (Flyball, 7, EV 88.1 MPH)
|
| Bottom of the 1st over - 0 runs, 0 hits, 0 errors, 0 left on base; Delmarva 0 - Burlington 0 |
| TOP OF THE 2ND |
|
Delmarva Shorebirds batting - Pitching for Burlington Bees : RHP Tim Anderson
|
|
Batting: LHB Mike Sloan
|
0-0: Ball 1-0: Ball 2-0: Foul Ball, location: 2F 2-1: Ground out 4-3 (Groundball, 4, EV 80.6 MPH)
|
|
Batting: RHB Jon Zimmerman
|
0-0: Ball 1-0: Called Strike 1-1: Ball 2-1: Called Strike 2-2: Strikes out looking
|
|
Batting: LHB Justin Moore
|
0-0: Foul Ball, location: 2F 0-1: Ball 1-1: Ball 2-1: Foul Ball, location: 2F 2-2: Foul Ball, location: 2F 2-2: Foul Ball, location: 2F 2-2: Strikes out swinging
|
| Top of the 2nd over - 0 runs, 0 hits, 0 errors, 0 left on base; Delmarva 0 - Burlington 0 |
| BOTTOM OF THE 2ND |
|
Burlington Bees batting - Pitching for Delmarva Shorebirds : RHP Nick Hoag
|
|
Batting: LHB Justin Balthazor
|
0-0: Ball 1-0: Foul Ball, location: 2F 1-1: Ball 2-1: Ball 3-1: Fly out, F8 (Flyball, 8RXD, EV 96.9 MPH)
|
|
Batting: RHB Ryuji Ito
|
0-0: SINGLE (Groundball, 6MS, EV 66.2 MPH) (infield hit)
|
|
Batting: LHB Griffin Ferris
|
0-0: Ground out 5-3 (Groundball, 5L, EV 105.0 MPH) Ryuji Ito to second
|
|
Batting: RHB Peter Westover
|
0-0: Foul Ball, location: 2F 0-1: SINGLE (Groundball, 6MD, EV 94.4 MPH) Ryuji Ito to third Runner from 3rd tries for Home, SAFE, throw by CF to home
|
|
Batting: RHB Eric Davis
|
0-0: Called Strike 0-1: Swinging Strike 0-2: Ball 1-2: Ground out 4-3 (Groundball, 4, EV 85.6 MPH)
|
| Bottom of the 2nd over - 1 run, 2 hits, 0 errors, 1 left on base; Delmarva 0 - Burlington 1 |
| TOP OF THE 3RD |
|
Delmarva Shorebirds batting - Pitching for Burlington Bees : RHP Tim Anderson
|
|
Batting: LHB Bill Ostlund
|
0-0: Called Strike 0-1: Ball 1-1: Ball 2-1: Ball 3-1: Base on Balls
|
|
Batting: RHB Adam Swimmer
|
0-0: Fly out, F9 (Flyball, 9S, EV 94.4 MPH)
|
|
Batting: LHB Shane Free
|
0-0: Ball 1-0: Fielders Choice at 2nd, 4-6 (Groundball, 4, EV 105.6 MPH)
|
|
Batting: LHB Eric Jackson
|
0-0: Ball 1-0: Called Strike 1-1: Foul Ball, location: 2F 1-2: Foul Ball, location: 2F 1-2: Ball Shane Free steals 2nd base 2-2: Strikes out swinging
|
| Top of the 3rd over - 0 runs, 0 hits, 0 errors, 1 left on base; Delmarva 0 - Burlington 1 |
| BOTTOM OF THE 3RD |
|
Burlington Bees batting - Pitching for Delmarva Shorebirds : RHP Nick Hoag
|
|
Batting: LHB Mark Reeg
|
0-0: Called Strike 0-1: Swinging Strike 0-2: Strikes out swinging
|
|
Batting: RHB Tim Lively
|
0-0: Ball 1-0: Foul Ball, location: 2F 1-1: Ball 2-1: Ball 3-1: Swinging Strike 3-2: Foul Ball, location: 2F 3-2: Foul Ball, location: 2F 3-2: Base on Balls
|
|
Batting: RHB Ryan Munro
|
0-0: Called Strike Tim Lively steals 2nd base 0-1: Ball 1-1: Ball Passed Ball! Tim Lively to third 2-1: Ball 3-1: Fly out, F8 (Flyball, 8RD, EV 88.8 MPH) Runner from 3rd tags up, SCORES, no throw by CF
|
|
Batting: RHB Jon Griffin
|
0-0: Ball 1-0: SOLO HOME RUN (Flyball, 7D, EV 91.9 MPH), Distance : 366 ft
|
|
Batting: LHB Justin Balthazor
|
0-0: Called Strike 0-1: Called Strike 0-2: Ball 1-2: Ball 2-2: Ball 3-2: Ground out 4-3 (Groundball, 34, EV 107.5 MPH)
|
| Bottom of the 3rd over - 2 runs, 1 hit, 0 errors, 0 left on base; Delmarva 0 - Burlington 3 |
| TOP OF THE 4TH |
|
Delmarva Shorebirds batting - Pitching for Burlington Bees : RHP Tim Anderson
|
|
Batting: LHB Tim Mulholland
|
0-0: Swinging Strike 0-1: Ball 1-1: Called Strike 1-2: Ball 2-2: Foul Ball, location: 2F 2-2: Fly out, F6 (Popup, 6MD, EV 58.1 MPH)
|
|
Batting: LHB Tom Edwards
|
0-0: Ball 1-0: Called Strike 1-1: Swinging Strike 1-2: Fly out, F9 (Flyball, 9LSF, EV 78.1 MPH)
|
|
Batting: LHB Mike Sloan
|
0-0: Called Strike 0-1: Called Strike 0-2: Foul Ball, location: 2F 0-2: Ground out 6-3 (Groundball, 6, EV 90.6 MPH)
|
| Top of the 4th over - 0 runs, 0 hits, 0 errors, 0 left on base; Delmarva 0 - Burlington 3 |
| BOTTOM OF THE 4TH |
|
Burlington Bees batting - Pitching for Delmarva Shorebirds : RHP Nick Hoag
|
|
Batting: RHB Ryuji Ito
|
0-0: Foul Ball, location: 2F 0-1: Swinging Strike 0-2: Foul Ball, location: 2F 0-2: Ball 1-2: Ball 2-2: Ball 3-2: Strikes out swinging
|
|
Batting: LHB Griffin Ferris
|
0-0: Called Strike 0-1: Foul Ball, location: 2F 0-2: Ball 1-2: Strikes out swinging
|
|
Batting: RHB Peter Westover
|
0-0: Swinging Strike 0-1: Ball 1-1: Foul Ball, location: 2F 1-2: Ball 2-2: SINGLE (Groundball, 5D, EV 93.8 MPH)
|
|
Batting: RHB Eric Davis
|
0-0: Foul Ball, location: 2F 0-1: Called Strike 0-2: Ball 1-2: Foul Ball, location: 2F 1-2: Ball 2-2: Strikes out swinging
|
| Bottom of the 4th over - 0 runs, 1 hit, 0 errors, 1 left on base; Delmarva 0 - Burlington 3 |
| TOP OF THE 5TH |
|
Delmarva Shorebirds batting - Pitching for Burlington Bees : RHP Tim Anderson
|
|
Batting: RHB Jon Zimmerman
|
0-0: Foul Ball, location: 2F 0-1: Called Strike 0-2: Ball 1-2: Strikes out swinging
|
|
Batting: LHB Justin Moore
|
0-0: Ground out U3 (Groundball, 3L, EV 88.8 MPH)
|
|
Batting: LHB Bill Ostlund
|
0-0: Ball 1-0: Ball 2-0: Ball 3-0: Base on Balls
|
|
Batting: RHB Adam Swimmer
|
0-0: Called Strike 0-1: Foul Ball, location: 2F 0-2: Ball 1-2: Strikes out swinging
|
| Top of the 5th over - 0 runs, 0 hits, 0 errors, 1 left on base; Delmarva 0 - Burlington 3 |
| BOTTOM OF THE 5TH |
|
Burlington Bees batting - Pitching for Delmarva Shorebirds : RHP Nick Hoag
|
|
Batting: LHB Mark Reeg
|
0-0: Foul Ball, location: 2F 0-1: Ball 1-1: DOUBLE (Line Drive, 3D, EV 98.8 MPH)
|
|
Batting: RHB Tim Lively
|
0-0: Ball Wild Pitch! Mark Reeg to third 1-0: Foul Ball, location: 2F 1-1: Swinging Strike 1-2: Foul Ball, location: 2F 1-2: Strikes out looking
|
|
Pitching: LHP Vinny Duarte
|
|
|
Batting: RHB Ryan Munro
|
0-0: Ground out 4-3 (Groundball, 4MS, EV 88.8 MPH)
|
|
Batting: RHB Jon Griffin
|
0-0: Ball 1-0: Ball 2-0: Ball 3-0: Base on Balls
|
|
Batting: LHB Justin Balthazor
|
0-0: Ball 1-0: Ball 2-0: Swinging Strike 2-1: Called Strike 2-2: Ground out U3 (Groundball, 3, EV 88.8 MPH)
|
| Bottom of the 5th over - 0 runs, 1 hit, 0 errors, 2 left on base; Delmarva 0 - Burlington 3 |
| TOP OF THE 6TH |
|
Delmarva Shorebirds batting - Pitching for Burlington Bees : RHP Tim Anderson
|
|
Batting: LHB Shane Free
|
0-0: Ball 1-0: Ball 2-0: Swinging Strike 2-1: Ball 3-1: Base on Balls
|
|
Batting: LHB Eric Jackson
|
0-0: Ball Shane Free is caught stealing 2nd base 2-6 1-0: Foul Ball, location: 2F 1-1: Ball 2-1: Foul Ball, location: 2F 2-2: SINGLE (Line Drive, 6MD, EV 100.6 MPH)
|
|
Batting: LHB Tim Mulholland
|
0-0: Called Strike 0-1: Foul Ball, location: 2F 0-2: Ball 1-2: Foul Ball, location: 2F 1-2: Strikes out swinging Eric Jackson steals 2nd base Batter strikes out.
|
|
Pitching: RHP Luis Cabrera
|
|
|
Batting: LHB Tom Edwards
|
0-0: Ball 1-0: Ball 2-0: Ball 3-0: Base on Balls
|
|
Batting: LHB Mike Sloan
|
0-0: Called Strike 0-1: Called Strike 0-2: Strikes out swinging
|
| Top of the 6th over - 0 runs, 1 hit, 0 errors, 2 left on base; Delmarva 0 - Burlington 3 |
| BOTTOM OF THE 6TH |
|
Burlington Bees batting - Pitching for Delmarva Shorebirds : LHP Vinny Duarte
|
|
Batting: RHB Ryuji Ito
|
0-0: Ball 1-0: Ball 2-0: Called Strike 2-1: Swinging Strike 2-2: Strikes out swinging
|
|
Batting: LHB Griffin Ferris
|
0-0: Foul Ball, location: 2F 0-1: Ball 1-1: Foul Ball, location: 2F 1-2: SINGLE (Groundball, 4M, EV 96.2 MPH) (infield hit)
|
|
Batting: RHB Peter Westover
|
0-0: Called Strike 0-1: Foul Ball, location: 2F 0-2: Ball 1-2: Strikes out swinging
|
|
Batting: RHB Eric Davis
|
0-0: Ball Wild Pitch! Griffin Ferris to second 1-0: Swinging Strike 1-1: Ball 2-1: Ball 3-1: Called Strike 3-2: Fly out, F8 (Flyball, 78M, EV 83.8 MPH)
|
| Bottom of the 6th over - 0 runs, 1 hit, 0 errors, 1 left on base; Delmarva 0 - Burlington 3 |
| TOP OF THE 7TH |
|
Delmarva Shorebirds batting - Pitching for Burlington Bees : RHP Luis Cabrera
|
|
Batting: RHB Jon Zimmerman
|
0-0: Ball 1-0: Called Strike 1-1: Ball 2-1: Ball 3-1: Swinging Strike 3-2: Base on Balls
|
|
Batting: LHB Justin Moore
|
0-0: Called Strike 0-1: Swinging Strike 0-2: Ball 1-2: Fly out, F8 (Flyball, 8LM, EV 91.9 MPH)
|
|
Batting: LHB Bill Ostlund
|
0-0: Ball 1-0: Foul Ball, location: 2F 1-1: Ball 2-1: Swinging Strike 2-2: Foul Ball, location: 2F 2-2: Strikes out looking
|
|
Batting: RHB Adam Swimmer
|
0-0: Ball 1-0: Ball Wild Pitch! Jon Zimmerman to second 2-0: Swinging Strike 2-1: Ball 3-1: Base on Balls
|
|
Batting: LHB Shane Free
|
0-0: Swinging Strike 0-1: Ball 1-1: Swinging Strike 1-2: Strikes out looking
|
| Top of the 7th over - 0 runs, 0 hits, 0 errors, 2 left on base; Delmarva 0 - Burlington 3 |
| BOTTOM OF THE 7TH |
|
Burlington Bees batting - Pitching for Delmarva Shorebirds : LHP Vinny Duarte
|
|
Pitching: RHP Jon Juarez
|
|
|
Batting: LHB Mark Reeg
|
0-0: Ball 1-0: Swinging Strike 1-1: Foul Ball, location: 2F 1-2: Strikes out looking
|
|
Batting: RHB Tim Lively
|
0-0: Foul Ball, location: 2F 0-1: Foul Ball, location: 2F 0-2: Ball 1-2: Strikes out looking
|
|
Batting: RHB Ryan Munro
|
0-0: Ball 1-0: Ball 2-0: Ball 3-0: Called Strike 3-1: Base on Balls
|
|
Batting: RHB Jon Griffin
|
0-0: Ball 1-0: Fly out, F9 (Flyball, 9, EV 94.4 MPH)
|
| Bottom of the 7th over - 0 runs, 0 hits, 0 errors, 1 left on base; Delmarva 0 - Burlington 3 |
| TOP OF THE 8TH |
|
Delmarva Shorebirds batting - Pitching for Burlington Bees : RHP Luis Cabrera
|
|
Pitching: RHP Troy Ingram
|
|
|
Now in LF: Danny Bjarnson
|
|
|
Batting: LHB Eric Jackson
|
0-0: Ball 1-0: SINGLE (Groundball, 4M, EV 101.9 MPH)
|
|
Batting: LHB Tim Mulholland
|
0-0: Called Strike 0-1: Fly out, F9 (Flyball, 89S, EV 81.9 MPH)
|
|
Batting: LHB Tom Edwards
|
0-0: Called Strike 0-1: Foul Ball, location: 2F 0-2: SINGLE (Groundball, 4D, EV 96.9 MPH) Eric Jackson to second Runner from 2nd tries for 3rd, SAFE, throw by RF made at trailing runner, OUT! 9-6
|
|
Batting: LHB Mike Sloan
|
0-0: Called Strike 0-1: Ground out 4-3 (Groundball, 4, EV 103.1 MPH)
|
| Top of the 8th over - 0 runs, 2 hits, 0 errors, 1 left on base; Delmarva 0 - Burlington 3 |
| BOTTOM OF THE 8TH |
|
Burlington Bees batting - Pitching for Delmarva Shorebirds : RHP Jon Juarez
|
|
Batting: LHB Justin Balthazor
|
0-0: Ball 1-0: Swinging Strike 1-1: Ball 2-1: Foul Ball, location: 2F 2-2: Strikes out swinging
|
|
Batting: RHB Ryuji Ito
|
0-0: Ball 1-0: Ball 2-0: Ball 3-0: Called Strike 3-1: Base on Balls
|
|
Batting: LHB Griffin Ferris
|
0-0: Ball 1-0: Foul Ball, location: 2F 1-1: Fly out, F8 (Line Drive, 8RM, EV 93.1 MPH)
|
|
Batting: RHB Peter Westover
|
0-0: Fielders Choice at 2nd, 5-4 (Groundball, 56, EV 97.5 MPH)
|
| Bottom of the 8th over - 0 runs, 0 hits, 0 errors, 1 left on base; Delmarva 0 - Burlington 3 |
| TOP OF THE 9TH |
|
Delmarva Shorebirds batting - Pitching for Burlington Bees : RHP Troy Ingram
|
|
Pitching: LHP Bryan Payne
|
|
|
Batting: RHB Jon Zimmerman
|
0-0: Called Strike 0-1: Foul Ball, location: 2F 0-2: SINGLE (Groundball, 25, EV 69.4 MPH) (infield hit)
|
|
Pinch Hitting: RHB Danny Merrill
|
0-0: Ball 1-0: Ball 2-0: Ball 3-0: Called Strike 3-1: Base on Balls Jon Zimmerman to second
|
|
Pinch Hitting: RHB Francisco Viera
|
0-0: Called Strike 0-1: SINGLE (Flyball, 78S, EV 99.4 MPH) Jon Zimmerman to third Danny Merrill to second
|
|
Batting: RHB Adam Swimmer
|
0-0: Called Strike 0-1: Ball 1-1: Swinging Strike 1-2: DOUBLE (Line Drive, 89XD, EV 108.8 MPH) Jon Zimmerman scores Danny Merrill scores Francisco Viera to third
|
|
Pinch Hitting: RHB Alex Valencia
|
0-0: Intentional Walk
|
|
Batting: LHB Eric Jackson
|
0-0: Ball 1-0: SINGLE (Line Drive, 6D, EV 100.6 MPH) Francisco Viera scores Adam Swimmer to third Alex Valencia to second
|
|
Batting: LHB Tim Mulholland
|
0-0: Ball 1-0: Called Strike 1-1: Fly out, F6 (Popup, P, EV 78.8 MPH)
|
|
Batting: LHB Tom Edwards
|
0-0: Called Strike 0-1: Foul Ball, location: 2F 0-2: Strikes out swinging
|
|
Batting: LHB Mike Sloan
|
0-0: Ground out 4-3 (Groundball, 4, EV 86.2 MPH)
|
| Top of the 9th over - 3 runs, 4 hits, 0 errors, 3 left on base; Delmarva 3 - Burlington 3 |
| BOTTOM OF THE 9TH |
|
Burlington Bees batting - Pitching for Delmarva Shorebirds : RHP Jon Juarez
|
|
Pitching: LHP Juan Becerra
|
|
|
Now at SS: Francisco Viera
|
|
|
Now in LF: Danny Merrill
|
|
|
Now in RF: Rodolfo Montes
|
|
|
Batting: RHB Eric Davis
|
0-0: Called Strike 0-1: Swinging Strike 0-2: Ball 1-2: Strikes out swinging
|
|
Batting: RHB Tomas Raya
|
0-0: Called Strike 0-1: Called Strike 0-2: Strikes out swinging
|
|
Batting: RHB Danny Bjarnson
|
0-0: Called Strike 0-1: DOUBLE (Flyball, 8RD, EV 95.0 MPH)
|
|
Batting: RHB Ryan Munro
|
0-0: Intentional Walk
|
|
Batting: RHB Jon Griffin
|
0-0: Foul Ball, location: 2F 0-1: Fielders Choice at 2nd, 6-4 (Groundball, 6, EV 91.2 MPH)
|
| Bottom of the 9th over - 0 runs, 1 hit, 0 errors, 2 left on base; Delmarva 3 - Burlington 3 |
| TOP OF THE 10TH |
|
Delmarva Shorebirds batting - Pitching for Burlington Bees : LHP Bryan Payne
|
|
Pitching: RHP Chris Petrey
|
|
|
Batting: RHB Jon Zimmerman
|
0-0: Ball 1-0: Ball 2-0: Ball 3-0: Called Strike 3-1: Base on Balls
|
|
Batting: RHB Danny Merrill
|
0-0: Ball 1-0: Ball 2-0: Foul Ball, location: 2F 2-1: Ball 3-1: SINGLE (Groundball, 4M, EV 103.1 MPH) (infield hit) Jon Zimmerman to second
|
|
Batting: RHB Francisco Viera
|
0-0: Bunted foul 0-1: Ball 1-1: Ball 2-1: Ball 3-1: Bunt - Flyout to 25! F5
|
|
Pinch Hitting: LHB Justin Alworth
|
0-0: Ball 1-0: Ball 2-0: Foul Ball, location: 2F 2-1: Foul Ball, location: 2F 2-2: Ball 3-2: Strikes out swinging
|
|
Batting: LHB Rodolfo Montes
|
0-0: Ball 1-0: Ball 2-0: Called Strike 2-1: Foul Ball, location: 2F 2-2: Ball 3-2: Strikes out looking
|
| Top of the 10th over - 0 runs, 1 hit, 0 errors, 2 left on base; Delmarva 3 - Burlington 3 |
| BOTTOM OF THE 10TH |
|
Burlington Bees batting - Pitching for Delmarva Shorebirds : LHP Juan Becerra
|
|
Now at C: Eric Tiehen
|
|
|
Batting: LHB Justin Balthazor
|
0-0: Called Strike 0-1: Foul Ball, location: 2F 0-2: Ball 1-2: SINGLE (Flyball, 6D, EV 88.1 MPH)
|
|
Batting: RHB Ryuji Ito
|
0-0: Ground out 5-3 (Groundball, 56S, EV 61.9 MPH) Justin Balthazor to second
|
|
Batting: LHB Griffin Ferris
|
0-0: Intentional Walk
|
|
Batting: RHB Peter Westover
|
0-0: Ball 1-0: Called Strike 1-1: Foul Ball, location: 2F 1-2: Strikes out swinging
|
|
Batting: RHB Eric Davis
|
0-0: Ball 1-0: 3-RUN HOME RUN (Flyball, 9D, EV 97.5 MPH), Distance : 360 ft
|
| Bottom of the 10th over - 3 runs, 2 hits, 0 errors, 0 left on base; Delmarva 3 - Burlington 6 |
|